 Dungeon Crawl Stone Soup version 0.19-a0-1827-g174f941 (webtiles) character file.

788 Amnesiac the Chucker (level 7, 0/62 HPs)
             Began as an Ogre Arcane Marksman on Oct 7, 2016.
             Slain by a wight
             ... wielding a +0 halberd
              (15 damage)
             ... on level 5 of the Dungeon.
             The game lasted 00:09:51 (3497 turns).

Amnesiac the Chucker (Ogre Arcane Marksman)         Turns: 3497, Time: 00:09:52

Health: 0/62       AC:  3    Str: 17    XL:     7   Next: 87%
Magic:  9/9        EV:  9    Int: 12    God:
Gold:   191        SH:  0    Dex: 11    Spells: 3 memorised, 2 levels left

rFire  . . .     SeeInvis .     f - +0 giant spiked club
rCold  . . .     Gourm    .     a - +0 robe
rNeg   . . .     Faith    .     (shield currently unavailable)
rPois  .         Spirit   .     (helmet restricted)
rElec  .         Dismiss  .     (no cloak)
rCorr  .         Reflect  .     (gloves unavailable)
MR     .....     Harm     .     (boots unavailable)
Stlth  +.........               (no amulet)
                                (no ring)
                                (no ring)

@: drained
A: unfitting armour, tough skin 1
a: no special abilities


You were on level 5 of the Dungeon.
You were not hungry.

You visited 1 branch of the dungeon, and saw 6 of its levels.

You collected 191 gold pieces.

Inventory:

Hand Weapons
 f - a +0 giant spiked club (weapon)
 g - a +1 short sword of speed
Missiles
 h - 97 stones (quivered)
 m - 5 curare-tipped needles
Armour
 a - a +0 robe (worn)
Jewellery
 n - an uncursed ring of ice
Scrolls
 e - a scroll of fear {unknown}
 l - 2 scrolls of random uselessness
 o - a scroll of fog {unknown}
Books
 b - a book of Debilitation

   Spells                             Type                      Level
   a - Corona                         Hexes                        1
   b - Slow                           Hexes                        2
   c - Gell's Gravitas                Hexes/Translocation          3
   d - Inner Flame                    Hexes/Fire                   3
   e - Cause Fear                     Hexes                        4
   f - Leda's Liquefaction            Hexes/Earth                  4
 c - a book of Flames

   Spells                             Type                      Level
   a - Flame Tongue                   Conjuration/Fire             1
   b - Throw Flame                    Conjuration/Fire             2
   c - Conjure Flame                  Conjuration/Fire             3
   d - Inner Flame                    Hexes/Fire                   3
   e - Sticky Flame                   Conjuration/Fire             4
   f - Fireball                       Conjuration/Fire             5
Comestibles
 d - a chunk of flesh
 s - a bread ration


   Skills:
 - Level 1.3(0.5) Fighting
 + Level 6.0(5.0) Throwing
 - Level 1.7(0.9) Dodging
 - Level 1.5(0.7) Spellcasting
 - Level 5.2(4.3) Hexes


You had 2 spell levels left.
You knew the following spells:

 Your Spells              Type           Power        Failure   Level  Hunger
a - Cause Fear            Hex            ##........   54%         4    #####..
e - Slow                  Hex            ##......     10%         2    ###....
f - Corona                Hex            ##.....      6%          1    ##.....


Dungeon Overview and Level Annotations

Branches:
Dungeon (6/15)
 Temple: D:4-7

Altars:


Innate Abilities, Weirdness & Mutations

You are too large for most types of armour.
You have tough skin. (AC +1)


Message History

You feel drained.
An orc comes into view. It is wielding a hand axe.
The orc throws a stone.
The stone hits you.
You see here a stone.
An orc comes into view. It is wielding a spear.
The orc shouts!
The orc barely misses you. The orc closely misses you.
The orc hits you from afar with a trident of piercing.
The wight hits you but does no damage. The orc hits you but does no damage.
The orc hits you with a spear.
The orc hits you with a trident of piercing.
The wight hits you from afar with a halberd.
You feel drained.
The orc hits you from afar with a spear.
There is a stone staircase leading down, spattered with blood here.
The orc hits you with a hand axe.
* * * LOW HITPOINT WARNING * * *
The orc barely misses you.
The wight hits you from afar with a halberd!
You die...

##### ###########...#
#(..o.o......o########
#.###o......(oaZ......
#.##.@.#####.#########
#.Wzo#...##.......##
#.##...#.##........#
#...#.##.##.#####o.#
####.....# ##. .#
#.....#..# #.
#.##....## #. #.
#.#.## .. #. #.#.# ##


You could see a phantom, a wight, an orc wizard and 3 orcs.

Vanquished Creatures
  3 ogres
  2 centaurs (D:5)
  3 scorpions
  A wight (D:5)
  A bullfrog skeleton (D:4)
  2 hounds (D:4)
  An orc wizard (D:6)
  A worker ant (D:5)
  3 adders
  An adder skeleton (D:4)
  2 worms
  A dart slug (D:5)
  A leopard gecko (D:5)
  2 orcs
  A giant cockroach (D:1)
  3 hobgoblins
  2 jackals (D:2)
  A quokka (D:4)
  3 bats
  A frilled lizard (D:2)
  4 goblins
  A kobold (D:1)
  A quokka skeleton (D:4)
  A rat (D:2)
42 creatures vanquished.

Notes
Turn   | Place    | Note
-------+----------+-------------------------------------------
     0 | D:1      | Amnesiac the Ogre Arcane Marksman began the quest for the Orb.
     0 | D:1      | Reached XP level 1. HP: 19/19 MP: 2/2
   334 | D:1      | Reached XP level 2. HP: 23/27 MP: 3/3
   421 | D:1      | Learned a level 2 spell: Slow
   506 | D:2      | Reached skill level 3 in Throwing
   842 | D:4      | Noticed an ogre
   843 | D:4      | Reached XP level 3. HP: 33/33 MP: 5/5
  1316 | D:4      | Killed an ogre
  1316 | D:4      | Reached XP level 4. HP: 41/41 MP: 1/6
  1316 | D:4      | Reached XP level 5. HP: 48/48 MP: 1/7
  1494 | D:4      | Learned a level 4 spell: Cause Fear
  1537 | D:4      | Reached XP level 6. HP: 55/55 MP: 2/8
  2032 | D:4      | Reached skill level 5 in Hexes
  2256 | D:5      | Entered Level 5 of the Dungeon
  2368 | D:5      | Reached skill level 4 in Throwing
  2368 | D:5      | Reached XP level 7. HP: 62/62 MP: 9/9
  2503 | D:5      | Reached skill level 5 in Throwing
  2560 | D:5      | HP: 3/62 [adder (1)]
  3306 | D:6      | Reached skill level 6 in Throwing
  3497 | D:5      | Slain by a wight

Vault maps used:
D:1:      dpeg_arrival_morbid_curiosity
D:2:      vehumet_crystals, minmay_misc_feat_ornament
D:3:      nicolae_overflow_hidden_temple, mrwooster_statue_mirror
D:4:      uniq_crazy_yiuf_cottage
D:5:      first_bread
D:6:      uniq_grinder

Skill      XL: |  1  2  3  4  5  6  7 |
---------------+----------------------+-----
Throwing       | 3 4 6 |  6.0
Hexes          | 3 4 5 |  5.2
Fighting       | |  1.3
Dodging        | |  1.7
Spellcasting   | |  1.5

Action                   |  1- 3 |  4- 6 |  7- 9 || total
-------------------------+-------+-------+-------++-------
Melee: Mace              |     7 |       |       ||     7
       Unarmed           |     7 |       |       ||     7
       Short sword       |    50 |    61 |     8 ||   119
       Giant spiked club |       |       |    43 ||    43
Throw: Stone             |    21 |     9 |     4 ||    34
       Large rock        |     7 |    11 |     3 ||    21
       Throwing net      |       |     4 |     1 ||     5
 Cast: Corona            |     9 |       |    10 ||    19
       Slow              |     7 |    18 |    14 ||    39
  Use: Potion            |       |       |     6 ||     6
       Scroll            |       |       |     2 ||     2
 Stab: Invisible         |       |       |     1 ||     1
  Eat: Bread ration      |     1 |       |     1 ||     2
       Chunk             |       |     2 |     3 ||     5
Armor: Robe              |    26 |     3 |    19 ||    48
Dodge: Dodged            |    47 |    16 |    66 ||   129
